 Dungeon Crawl Stone Soup version 0.27.1-33-g824d729ab1 (webtiles) character file.

Game seed: 341133007812860198

40 Atelerd the Digger (level 3, 0/21 HPs)
             Began as an Octopode Earth Elementalist on Dec 30, 2021.
             Slain by a scorpion (10 damage)
             ... on level 2 of the Dungeon.
             The game lasted 00:00:56 (1781 turns).

Atelerd the Digger (Octopode Earth Elementalist)    Turns: 1781, Time: 00:00:57

Health: 0/21       AC:  1    Str:  7    XL:     3   Next: 50%
Magic:  2/6        EV: 13    Int: 18    God:
Gold:   15         SH:  0    Dex: 12    Spells: 6/7 levels left

rFire    . . .     SeeInvis .   a - +0 dagger
rCold    . . .     Faith    .   (no shield)
rNeg     . . .     Spirit   .   (helmet restricted)
rPois    .         Reflect  .   (no amulet)
rElec    .         Harm     .   (no ring)
rCorr    .         Rampage  .   (no ring)
Will     .....                  (no ring)
Stlth    +++.......             (no ring)
HPRegen  0.07/turn              (no ring)
MPRegen  0.10/turn              (no ring)
                                (no ring)
                                (no ring)

@: no status effects
A: almost no armour, amphibious, 8 rings, camouflage 1, gelatinous body 1,
(nimble swimmer 1), tentacles
a: no special abilities


You were on level 2 of the Dungeon.
You visited 1 branch of the dungeon, and saw 2 of its levels.

You collected 15 gold pieces.

Inventory:

Hand Weapons
 a - a +0 dagger (weapon)
Missiles
 b - 35 stones
Scrolls
 d - 2 scrolls of identify {unknown}
 f - 2 scrolls of fear {unknown}
 i - a scroll of teleportation {unknown}
Potions
 c - a potion of ambrosia {unknown}
 e - a potion of resistance {unknown}
 g - a potion of degeneration {unknown}
 h - a potion of heal wounds {unknown}


   Skills:
 - Level 2.0 Dodging
 - Level 2.6 Stealth
 + Level 2.6 Spellcasting
 + Level 2.0 Transmutations
 + Level 3.5 Earth Magic


You had 6 spell levels left.
You knew the following spells:

 Your Spells              Type           Power      Damage    Failure   Level
a - Sandblast             Erth           30%        2d9       4%          1

Your spell library contained the following spells:

 Spells                   Type           Power      Damage    Failure   Level
 Passwall                 Tmut/Erth      10%        N/A       9%          2
 Stone Arrow              Conj/Erth      16%        3d8       26%         3
 Petrify                  Tmut/Erth      12%        N/A       47%         4


Dungeon Overview and Level Annotations

Branches:
Dungeon (2/15)

Altars:


Innate Abilities, Weirdness & Mutations

You cannot wear most types of armour.
You are amphibious.
You can wear up to eight rings at the same time.
Your skin changes colour to match your surroundings (Stealth+).
Your rubbery body absorbs attacks. (AC +1, EV +1)
((You are camouflaged near water. (Stealth+)))
You have tentacles for arms and can constrict up to eight enemies at once.


Message History

An endoplasm is nearby!
An endoplasm is nearby!
An endoplasm is nearby!
An endoplasm is nearby!
The blast of sand hits the endoplasm.
The endoplasm is severely wounded.
The endoplasm quivers.
The endoplasm closely misses you.
The blast of sand hits the endoplasm!
You kill the endoplasm!
No target in view!
You can't see any susceptible monsters within range! (Use Z to cast anyway.) No target in view!
Key pressed, stopping explore.
You can't see any susceptible monsters within range! (Use Z to cast anyway.) No target in view!
Key pressed, stopping explore.
No target in view!
No target in view!
Found a scroll labelled GEMPEPTOQEM.
i - a scroll labelled GEMPEPTOQEM No target in view!
A rat and a scorpion come into view.
There are monsters nearby!
There are monsters nearby!
There are monsters nearby!
You can't see any susceptible monsters within range! (Use Z to cast anyway.)
The blast of sand misses the scorpion.
You closely miss the scorpion. You grab the scorpion.
You constrict the scorpion, but do no damage.
The scorpion stings you.
The blast of sand hits the scorpion but does no damage.
You constrict the scorpion. The scorpion stings you.
The blast of sand hits the scorpion but does no damage.
The scorpion is lightly wounded.
You constrict the scorpion. The scorpion closely misses you.
The blast of sand hits the scorpion but does no damage.
The scorpion is lightly wounded.
You constrict the scorpion. The scorpion stings you. The scorpion stings you!
You die...

.# #.# #..# ... ..#
###.# ##.sr# .....
#.@# .... #.## #..####
#######.# +......
........## ##....#
#######..###
###.....## #....#
#.........
#.......#.## ##......#
#.#####.#..###..##...#
##.#.....###...#


You could see a scorpion and a rat.

Vanquished Creatures
  An adder (D:2)
  A worm (D:2)
  A dart slug (D:1)
  An endoplasm (D:2)
  2 giant cockroaches (D:1)
  2 goblins
  2 hobgoblins (D:1)
  3 jackals (D:1)
  5 kobolds
  A quokka (D:1)
  2 ball pythons
  A bat (D:1)
  2 rats (D:1)
24 creatures vanquished.

Vanquished Creatures (others)
  A plant (D:1)
1 creature vanquished.

Grand Total: 25 creatures vanquished

Notes
Turn   | Place    | Note
-------+----------+-------------------------------------------
     0 | D:1      | Atelerd the Octopode Earth Elementalist began the quest for
                  | the Orb.
     0 | D:1      | Reached XP level 1. HP: 11/11 MP: 3/3
   435 | D:1      | Reached XP level 2. HP: 4/17 MP: 1/5
   825 | D:1      | Found a faded altar of an unknown god.
  1335 | D:2      | Reached XP level 3. HP: 16/21 MP: 4/6
  1774 | D:2      | Noticed a scorpion
  1781 | D:2      | Slain by a scorpion

Illustrated notes

Levels and vault maps discovered:
D:1:      lightli_iron_boxes, layout_loops_cross,
          shapermc_ecumenical_altar_mp_ritualfount
D:2:      cheibrodos_greedy_goblins, layout_loops_cross

Skill      XL: |  1  2  3 |
---------------+----------+-----
Transmutations | 2 |  2.0
Dodging        | |  2.0
Stealth        | |  2.6
Spellcasting   | |  2.6
Earth Magic    | |  3.5

Action                   || total
-------------------------++-------
Melee: Unarmed           ||    10
       Constrict         ||     9
       Tentacles         ||     4
       Dagger            ||    16
 Cast: Sandblast         ||    35
 Stab: Sleeping          ||     2
Armor: Skin              ||     3
Dodge: Dodged            ||    26
